 Dungeon Crawl Stone Soup version 0.30.0-29-ga12c61a403 (webtiles) character file.

Game seed: 16243406312130900721

15640 Rukkas the Blocker (level 12, -10/113 HPs)
             Began as a Minotaur Fighter on June 24, 2023.
             Was an Initiate of Gozag.
             Mangled by a wolf spider (14 damage)
             ... on level 1 of the Spider Nest on June 25, 2023.
             The game lasted 02:06:35 (11727 turns).

Rukkas the Blocker (Minotaur Fighter)              Turns: 11727, Time: 02:06:36

Health: -10/113    AC: 21    Str: 31    XL:     12   Next: 3%
Magic:  11/11      EV: 14    Int:  5    God:    Gozag
Gold:   1481       SH:  0    Dex:  9    Spells: 11/11 levels left

rFire   . . .        G - +1 mace (protect)
rCold   . . .        c - +0 buckler
rNeg    . . .        D - +4 chain mail
rPois   .            E - +2 hat
rElec   .            l - +0 cloak
rCorr   .            (no gloves)
SInv    .            y - +0 pair of boots
Will    +....        K - amulet of regeneration Stlth
                     j - +5 ring of evasion
HPRegen 1.18/turn    I - ring of the Inviting Ancients {Will+ Str+4}
MPRegen 0.12/turn

%: random rage (3%)
@: confused, slowed, very slow
A: horns 2, retaliatory headbutt, berserk 1
a: Renounce Religion, Potion Petition, Call Merchant, Bribe Branch


You were on level 1 of the Spider Nest.
You worshipped Gozag.
Gozag was most pleased with you.
You visited 4 branches of the dungeon, and saw 14 of its levels.
You also visited: Sewer.

You collected 2017 gold pieces.
You spent 480 gold pieces at shops.
You paid 56 gold pieces to Gozag.

Inventory:

Hand Weapons
 b - the +10 trident "Ytual" {heavy, rPois rF+ Str-5 Dex+4}
   (You took it off a spriggan on level 1 of the Lair of Beasts)

   Str:       It affects your strength (-5).
   Dex:       It affects your dexterity (+4).
   rF:        It protects you from fire.
   rPois:     It protects you from poison.
 A - a +1 heavy mace
 G - a +1 mace of protection (weapon)
 R - a +0 mace of protection
Missiles
 k - 41 poisoned darts
 o - 3 datura-tipped darts (quivered)
 t - 9 curare-tipped darts
Armour
 c - a +0 buckler (worn)
 l - a +0 cloak (worn)
 y - a +0 pair of boots (worn)
 z - a +0 plate armour
 C - the +3 leather armour "Tivvuel" {rC+ Slay+2}
   (You took it off an orc on level 4 of the Dungeon)

   Slay:      It affects your accuracy & damage with ranged weapons and melee
   (+2).
   rC:        It protects you from cold.
 D - a +4 chain mail (worn)
 E - a +2 hat (worn)
 P - the +0 ring mail "Ulutzav" {rElec rPois rF- Dex+6}
   (You found it on level 8 of the Dungeon)

   Dex:       It affects your dexterity (+6).
   rF:        It makes you vulnerable to fire.
   rElec:     It insulates you from electricity.
   rPois:     It protects you from poison.
 X - a scarf of shadows
Jewellery
 a - a +5 ring of evasion
 e - a ring of ice
 j - a +5 ring of evasion (left hand)
 n - an amulet of magic regeneration
 r - an amulet of reflection
 I - the ring of the Inviting Ancients (right hand) {Will+ Str+4}
   (You found it on level 6 of the Dungeon)

   [ring of willpower]

   Str:       It affects your strength (+4).
   Will:      It increases your willpower.
 K - an amulet of regeneration (around neck)
Wands
 s - a wand of iceblast (17)
 u - a wand of flame (12)
 L - a wand of mindburst (39)
 N - a wand of paralysis (11)
 T - a wand of polymorph (5)
 V - a wand of digging (2)
Scrolls
 m - a scroll of noise {unknown}
 q - 2 scrolls of vulnerability
 x - a scroll of magic mapping
 H - 2 scrolls of amnesia
 M - 2 scrolls of immolation
 O - a scroll of enchant armour
 Q - a scroll of silence
Potions
 d - 3 potions of might
 f - 2 potions of cancellation
 g - a potion of curing
 h - a potion of berserk rage
 i - 3 potions of mutation
 p - a potion of invisibility
 v - a potion of brilliance {unknown}
 F - 2 potions of lignification
 S - a potion of flight {unknown}
 W - a potion of ambrosia {unknown}


   Skills:
 + Level 12.3 Fighting
 + Level 12.0 Maces & Flails
 + Level 12.3 Armour
 + Level 12.3 Shields


You had 11 spell levels left.
You didn't know any spells.
Your spell library contained the following spells:

 Spells                   Type           Power      Damage    Failure   Level
 Sandblast                Erth           0%         2d4       86%         1
 Slow                     Hex            0%         N/A       86%         1
 Passwall                 Tmut/Erth      0%         N/A       95%         2
 Scorch                   Fire           0%         2d5       95%         2
 Confusing Touch          Hex            0%         N/A       99%         3
 Portal Projectile        Hex/Tloc       0%         N/A       99%         3
 Stone Arrow              Conj/Erth      0%         3d7       99%         3
 Tukima's Dance           Hex            0%         N/A       99%         3
 Vampiric Draining        Necr           0%         2d6       99%         3
 Vhi's Electric Charge    Tloc/Air       0%         N/A       99%         3
 Cause Fear               Hex            0%         N/A       100%        4
 Flame Wave               Conj/Fire      0%         2d4       100%        4
 Passage of Golubria      Tloc           0%         N/A       100%        4
 Arcjolt                  Conj/Air       0%         1d10      100%        5
 Blade Hands              Tmut           0%         N/A       100%        5
 Fireball                 Conj/Fire      0%         3d3       100%        5
 Iskenderun's Battlesphe  Conj           0%         2d6       100%        5
 Yara's Violent Unravell  Hex/Tmut       0%         3d3       100%        5
 Conjure Ball Lightning   Conj/Air       0%         3x3d6     100%        6
 Summon Cactus Giant      Summ           0%         N/A       100%        6
 Dragon Form              Tmut           0%         N/A       100%        7
 Orb of Destruction       Conj           0%         9d5       100%        7
 Maxwell's Capacitive Co  Air            0%         ∞         100%        8
 Dragon's Call            Summ           0%         N/A       100%        9


Dungeon Overview and Level Annotations

Branches:
Dungeon (10/15)            Temple (1/1) D:4            Lair (2/5) D:10
 Spider (1/4) Lair:2        Sewer (visited)
  Swamp: Lair:2-3    Shoals: Lair:2-3       Orc: D:9-12

Altars:
Ashenzari
Cheibriados
Dithmenos
Elyvilon
Fedhas
Gozag
Hepliaklqana
Kikubaaqudgha
Makhleb
Nemelex Xobeh
Okawaru
Qazlal
Ru
Sif Muna
Trog
Uskayaw
Vehumet
Wu Jian
Xom
Yredelemnul
Zin
The Shining One

Shops:
D:5 =   D:7 =   D:8 *

Annotations:
D:7 1 transporter


Innate Abilities, Weirdness & Mutations

You have a pair of horns on your head.
You reflexively headbutt those who attack you in melee.
You sometimes lose your temper in combat.


Message History

The tarantella touches you but does no damage.
The wolf spider hits you but does no damage.
The wolf spider bites you but does no damage.
The tarantella touches you but does no damage.
The tarantella barely misses you. The wolf spider hits you.
The wolf spider bites you but does no damage.
The spark wasp stings you! The spark wasp shocks you!
The jumping spider pounces on you but does no damage.
The jumping spider bites you. You block the tarantella's attack.
The tarantella touches you but does no damage.
The wolf spider misses you. You furiously retaliate!
You headbutt the wolf spider. You block the wolf spider's attack.
The tarantella touches you.
You are confused.
The spark wasp stings you!! The spark wasp shocks you!
* * * LOW HITPOINT WARNING * * *
The wolf spider hits you but does no damage.
The wolf spider bites you but does no damage.
You feel better. The wolf spider closely misses you.
The wolf spider misses you. The spark wasp stings you.
The spark wasp shocks you!
* * * LOW HITPOINT WARNING * * *
The tarantella touches you.
* * * LOW HITPOINT WARNING * * *
The tarantella barely misses you. The wolf spider hits you.
* * * LOW HITPOINT WARNING * * *
The wolf spider bites you.
* * * LOW HITPOINT WARNING * * *
The jumping spider leaps!
The tarantella touches you but does no damage.
The spark wasp misses you. The wolf spider hits you.
* * * LOW HITPOINT WARNING * * *
The wolf spider closely misses you.
The tarantella touches you but does no damage.
The tarantella touches you.
* * * LOW HITPOINT WARNING * * *
You are confused.
The wolf spider hits you!
You die...
Your body crumbles into a pile of gold.

## ##.###
#....##
..s##.sss[#
#....s@s#
#....°y##
...$.w..#
......s##
.....?#
......
......
....##


You could see a spark wasp, a torpor snail, 2 wolf spiders, an orb spider, a
jumping spider and 3 tarantellas.

Vanquished Creatures
  Snorg (D:10)
  A two-headed ogre (D:10)
  The ghost of avis the Transmogrifier, a journeyman VSTm of Okawaru (Lair:1)
  Pikel (D:4)
  A black mamba (Lair:1)
  4 cane toads
  4 komodo dragons
  A troll (D:10)
  Prince Ribbit (D:9)
  2 hornets
  4 blink frogs (Lair:2)
  A culicivora (Lair:2)
  14 yaks
  3 spriggans (Lair:1)
  3 wyverns
  A wraith (D:6)
  2 basilisks (Lair:2)
  Menkaure (D:7)
  A steam dragon (D:10)
  An acid dragon (D:9)
  7 water moccasins
  2 ice beasts
  3 black bears
  4 orc warriors
  The ghost of jakethebiosnake the Grasshopper, an amateur DsWr of Uskayaw (D:4)
  13 wolves
  An ogre (D:5)
  4 centaurs
  A lemure (D:4)
  2 phantoms
  9 kobold brigands
  4 bullfrogs
  3 scorpions
  4 wights (D:8)
  4 howler monkeys (D:10)
  An electric eel (D:10)
  6 orc priests
  8 hounds
  A jelly (D:7)
  Jessica (D:3)
  2 iguanas
  5 orc wizards
  4 gnolls (D:7)
  5 river rats (Sewer)
  6 adders
  2 white imps (D:6)
  5 worms
  3 dart slugs
  36 orcs
  10 endoplasms
  3 giant cockroaches
  7 goblins
  10 hobgoblins
  5 jackals (D:1)
  5 quokkas
  9 ball pythons
  A bat (D:1)
  4 frilled lizards (D:1)
  17 kobolds
  8 rats
274 creatures vanquished.

Vanquished Creatures (collateral kills)
  A rat (Sewer)
1 creature vanquished.

Vanquished Creatures (others)
  A kobold brigand (Sewer)
  An orc wizard (D:10)
  A kobold (Sewer)
3 creatures vanquished.

Grand Total: 278 creatures vanquished

Notes
Turn   | Place    | Note
-------+----------+-------------------------------------------
     0 | D:1      | Rukkas the Minotaur Fighter began the quest for the Orb.
     0 | D:1      | Reached XP level 1. HP: 19/19 MP: 0/0
   276 | D:1      | Reached XP level 2. HP: 27/27 MP: 1/1
   844 | D:2      | Reached XP level 3. HP: 31/33 MP: 2/2
  1353 | D:3      | Reached XP level 4. HP: 32/40 MP: 3/3
  1469 | D:3      | Noticed Jessica
  1478 | D:3      | Killed Jessica
  1563 | D:3      | Found a glowing drain.
  1597 | Sewer    | Entered a sewer
  1660 | Sewer    | Noticed a kobold brigand
  1679 | Sewer    | Killed a kobold brigand
  1680 | Sewer    | Reached XP level 5. HP: 23/47 MP: 4/4
  1819 | Sewer    | Reached skill level 5 in Fighting
  1819 | Sewer    | Reached skill level 5 in Armour
  1819 | Sewer    | Reached skill level 5 in Shields
  1859 | Sewer    | Reached XP level 6. HP: 47/56 MP: 5/5
  2141 | Sewer    | Reached skill level 5 in Maces & Flails
  2141 | Sewer    | Reached XP level 7. HP: 62/62 MP: 6/6
  3334 | D:4      | Found a runed translucent gate.
  3334 | D:4      | Found a runed translucent gate.
  3334 | D:4      | Found a runed translucent gate.
  3338 | D:4      | Noticed jakethebiosnake's ghost (amateur DsWr)
  3338 | D:4      | Identified the +3 leather armour "Tivvuel" {rC+ Slay+2}
  3687 | D:4      | Noticed Pikel
  3709 | D:4      | Killed Pikel
  3710 | D:4      | Reached XP level 8. HP: 69/73 MP: 7/7
  3724 | D:4      | Found a staircase to the Ecumenical Temple.
  3770 | Temple   | Entered the Ecumenical Temple
  3770 | Temple   | Found a transporter.
  3770 | Temple   | Found a transporter.
  3772 | Temple   | Found a transporter.
  3772 | Temple   | Found a transporter.
  3894 | Temple   | Became a worshipper of Gozag Ym Sagoz the Greedy
  4228 | D:4      | Killed jakethebiosnake's ghost
  4659 | D:5      | Entered Level 5 of the Dungeon
  4933 | D:5      | Found a burning altar of Makhleb.
  4980 | D:5      | Reached XP level 9. HP: 69/81 MP: 8/8
  5127 | D:5      | Found a broken altar of Ashenzari.
  5170 | D:5      | Found a hazy altar of Hepliaklqana.
  5172 | D:5      | Found a shimmering altar of Xom.
  5173 | D:5      | Noticed a spectral ugly thing
  5426 | D:5      | Found Qantocux's Jewellery Emporium.
  5627 | D:6      | Found an ornate altar of the Wu Jian Council.
  5765 | D:6      | Found a glowing silver altar of Zin.
  6093 | D:6      | Identified the ring of the Inviting Ancients {Will+ Str+4}
  6300 | D:7      | Found a transporter.
  6322 | D:7      | Noticed a kobold demonologist
  6402 | D:7      | Found a transporter.
  6473 | D:7      | Noticed Menkaure
  6483 | D:7      | Killed Menkaure
  6743 | D:7      | Noticed a kobold demonologist
  6958 | D:7      | Found Syrottos's Jewellery Emporium.
  6972 | D:7      | Bought an amulet of regeneration for 480 gold pieces
  7030 | D:7      | Noticed an orange demon
  7038 | D:7      | Noticed a sixfirhy
  7039 | D:7      | Noticed a sixfirhy
  7040 | D:7      | Noticed a sixfirhy
  7064 | D:7      | Noticed a soul eater
  7065 | D:7      | Noticed a hellwing
  7073 | D:7      | Noticed a red devil
  7097 | D:7      | Noticed a red devil
  7099 | D:7      | Gained mutation: You sometimes lose your temper in combat.
                  | [a neqoxec]
  7101 | D:7      | Noticed an ice devil
  7296 | D:8      | Reached XP level 10. HP: 91/91 MP: 9/9
  7388 | D:8      | Found Qeres's Overcharged Wands.
  7734 | D:8      | Identified the +0 ring mail "Ulutzav" {rElec rPois rF-
                  | Dex+6}
  8137 | D:9      | Noticed Prince Ribbit
  8146 | D:9      | Reached skill level 10 in Shields
  8160 | D:9      | Killed Prince Ribbit
  8161 | D:9      | Reached skill level 10 in Fighting
  8161 | D:9      | Reached skill level 10 in Armour
  8354 | D:9      | Paralysed by a hornet for 1 turns
  9044 | D:10     | Entered Level 10 of the Dungeon
  9044 | D:10     | Noticed a two-headed ogre
  9056 | D:10     | Killed a two-headed ogre
  9057 | D:10     | Reached skill level 10 in Maces & Flails
  9184 | D:10     | Noticed Snorg
  9206 | D:10     | Killed Snorg
  9207 | D:10     | Reached XP level 11. HP: 72/101 MP: 10/10
  9330 | D:10     | Found a staircase to the Lair.
  9415 | D:10     | Found a hide-covered altar of Uskayaw.
  9522 | D:10     | Found an ancient bone altar of Kikubaaqudgha.
  9524 | D:10     | Found a blossoming altar of Fedhas.
  9596 | Lair:1   | Entered Level 1 of the Lair of Beasts
  9630 | Lair:1   | Found a runed translucent door.
  9635 | Lair:1   | Noticed avis's ghost (journeyman VSTm)
  9645 | Lair:1   | Noticed a spriggan rider
  9645 | Lair:1   | Identified the +10 trident "Ytual" {heavy, rPois rF+ Str-5
                  | Dex+4}
  9875 | Lair:1   | Identified the +4 chain mail of Xehas {*Corrode rC++}
 10509 | Lair:1   | Killed avis's ghost
 10545 | Lair:1   | HP: 2/104 [spriggan/the +10 trident "Ytual" {heavy, rPois
                  | rF+ Str-5 Dex+4} (17)]
 11041 | Lair:2   | Found a hole to the Spider Nest.
 11213 | Lair:2   | Found an ancient bone altar of Kikubaaqudgha.
 11310 | Lair:2   | Reached XP level 12. HP: 113/113 MP: 11/11
 11722 | Spider:1 | Entered Level 1 of the Spider Nest
 11722 | Spider:1 | Noticed a spark wasp
 11727 | Spider:1 | HP: 4/113 [tarantella (5)]
 11727 | Spider:1 | Mangled by a wolf spider

Illustrated notes

Levels and vault maps discovered:
D:1:      lemuel_arrival_rhombus, layout_basic
D:2:      layout_rooms
D:3:      layout_basic, portal_sewer_entry_a, uniq_jessica
D:4:      layout_rooms, minmay_temple_entry_statues, biasface_ghost_orc_armoury,
          uniq_pikel
D:5:      nicolae_cairo_tiling_large_dashed, layout_loops_ring,
          ashenzari_conservatory_becter, marbit_many_paths,
          regret_index_temple_of_mockery, serial_shops, nicolae_diamond_shop,
          minmay_manual_maat
D:6:      layout_basic, nzn_wu_jian_council_hall,
          mainiacjoe_overflow_small_starburst,
          nicolae_concentric_dashed_squares_wild
D:7:      gammafunk_wand_slinger, layout_loops_ring, serial_shops,
          nicolae_shop_gaudy_bauble, hangedman_abyss_or_decor_lesser_grid,
          uniq_menkaure
D:8:      layout_basic, nicolae_shop_overcharged_wands
D:9:      layout_long_grid, uniq_prince_ribbit1
D:10:     layout_rooms, grunt_temple_overflow_growth_and_decay,
          nicolae_overflow_hidden_temple, erik_lair_island, uniq_snorg
Temple:   hellmonk_temple_divided_pantheon
Lair:1:   layout_regular_city, ebering_ghost_funeral_grove,
          infiniplex_staircase_pool
Lair:2:   layout_roguey, spider_nest_entry_rubble, basic_altar, pond
Spider:1: layout_spider_delve, nicolae_crawler_farm

Skill      XL: |  1  2  3  4  5  6  7  8  9 10 11 |
---------------+----------------------------------+-----
Fighting       | 4 5 7 9 10 12 | 12.3
Shields        | 4 5 7 9 10 12 | 12.3
Armour         | 4 5 7 9 10 12 | 12.3
Maces & Flails | 3 4 5 6 7 9 10 12 | 12.0

Action                     |  1- 3 |  4- 6 |  7- 9 | 10-12 || total
---------------------------+-------+-------+-------+-------++-------
  Melee: Flail             |   123 |    98 |   167 |       ||   388
         Headbutt          |     9 |    14 |    82 |    72 ||   177
         Mace              |       |       |   224 |   384 ||   608
  Throw: Dart              |       |     9 |     3 |       ||    12
    Use: Scroll            |     4 |       |    13 |     7 ||    24
         Potion            |       |       |     4 |    10 ||    14
   Stab: Distracted        |       |       |       |     2 ||     2
 Armour: Scale mail        |    83 |    15 |    17 |       ||   115
         Chain mail        |       |       |   142 |   197 ||   339
         Skin              |       |       |       |    33 ||    33
  Dodge: Dodged            |    55 |    47 |   225 |   266 ||   593
  Block: Buckler           |    29 |    25 |   191 |   109 ||   354
         Reflection        |       |     3 |     3 |       ||     6
